 Dungeon Crawl Stone Soup version 0.27.1-36-g1b1ada6b1e (webtiles) character file.

Game seed: 12461499811759055022

346102 allion the Sorcerer (level 21, -11/134 HPs)
             Began as a Deep Elf Conjurer on Feb 11, 2023.
             Was the Champion of Vehumet.
             Splashed by a deep elf sorcerer's acid (15 damage)
             ... on level 3 of the Elven Halls.
             The game lasted 02:32:38 (80987 turns).

allion the Sorcerer (Deep Elf Conjurer)            Turns: 80987, Time: 02:32:41

Health: -11/134    AC:  5    Str:  5    XL:     21   Next: 18%
Magic:  40/48      EV: 16    Int: 39    God:    Vehumet [******]
Gold:   1815       SH: 19    Dex: 13    Spells: 16/62 levels left

rFire    + + .     SeeInvis +   a - +0 falchion of Gadghitu {flame, rF+ Int+6 SInv}
rCold    + + +     Faith    .   V - +2 kite shield
rNeg     . . .     Spirit   .   I - +4 skin of Zhor {*Englaciate rC+++ SInv}
rPois    .         Reflect  +   N - +2 helmet
rElec    .         Harm     .   j - scarf {rC+ rF+}
rCorr    .         Rampage  .   x - +2 pair of gloves
Will     +++..                  P - +0 pair of boots {Fly}
Stlth    ++........             A - amulet of reflection
HPRegen  0.32/turn              T - ring of willpower
MPRegen  0.31/turn              S - ring of Redgh {Wiz rC+}

@: about to teleport, unable to drink, corroded, flying, studying Slings
A: no potions
}: 2/15 runes: barnacled, gossamer
a: Renounce Religion


You were on level 3 of the Elven Halls.
You worshipped Vehumet.
Vehumet was exalted by your worship.
You visited 8 branches of the dungeon, and saw 39 of its levels.
You also visited: Ossuary, Gauntlet and Ice Cave.

You collected 5291 gold pieces.
You spent 3476 gold pieces at shops.

Inventory:

Hand Weapons
 a - the +0 falchion of Gadghitu (weapon) {flame, rF+ Int+6 SInv}
   (You found it on level 1 of the Lair of Beasts)

   It burns those it strikes, dealing additional fire damage.
   Big, fiery blades are also staple armaments of hydra-hunters.
   Int:       It affects your intelligence (+6).
   rF:        It protects you from fire.
   SInv:      It lets you see invisible.
 b - the +2 war axe "Dragonslayer" {vorpal, rPois Int+4}
   (You found it on level 11 of the Dungeon)

   It inflicts extra damage upon your enemies.
   Int:       It affects your intelligence (+4).
   rPois:     It protects you from poison.
Missiles
 X - 8 throwing nets
Armour
 j - a scarf of resistance (worn)
 x - a +2 pair of gloves (worn)
 I - the +4 skin of Zhor (worn) {*Englaciate rC+++ SInv}
   (You found it in an ice cave)

   It radiates cold, occasionally slowing all nearby creatures who are not
   resistant to cold.
   rC:        It renders you almost immune to cold.
   SInv:      It lets you see invisible.
 N - a +2 helmet (worn)
 P - a +0 pair of boots of flying (worn)
 V - a +2 kite shield (worn)
Jewellery
 A - an amulet of reflection (around neck)
 E - a +6 ring of intelligence
 R - a ring of willpower
 S - the ring of Redgh (right hand) {Wiz rC+}
   (You found it on level 9 of the Dungeon)

   [ring of wizardry]

   It improves your spell success rate.
   rC:        It protects you from cold.
 T - a ring of willpower (left hand)
 Z - a ring of poison resistance
Wands
 f - a wand of digging (9)
 n - a wand of charming (9)
 o - a wand of paralysis (30)
 w - a wand of flame (172)
 F - a wand of iceblast (46)
 H - a wand of mindburst (49)
 K - a wand of acid (17)
Scrolls
 d - 7 scrolls of noise
 e - 16 scrolls of identify
 h - 4 scrolls of fog
 k - 8 scrolls of vulnerability
 l - 2 scrolls of silence
 s - 9 scrolls of teleportation
 t - a scroll of summoning
 y - 5 scrolls of brand weapon
 D - a scroll of blinking
 G - 2 scrolls of magic mapping
 L - 2 scrolls of enchant armour
 M - 6 scrolls of immolation
 W - 5 scrolls of amnesia
 Y - 2 scrolls of fear
Potions
 c - 16 potions of curing
 g - 7 potions of might
 i - 9 potions of brilliance
 m - 2 potions of invisibility
 q - 3 potions of resistance
 r - 5 potions of attraction
 u - 8 potions of heal wounds
 v - 6 potions of cancellation
 z - 7 potions of mutation
 B - 5 potions of haste
 C - 5 potions of lignification
 J - a potion of berserk rage
 O - 7 potions of ambrosia
 U - 3 potions of magic
Miscellaneous
 p - a condenser vane
 Q - a tin of tremorstones (2/2)


   Skills:
 + Level 15.0 Fighting
 - Level 10.0 Dodging
 - Level 2.4 Stealth
 - Level 15.0 Shields
 + Level 21.3 Spellcasting
 - Level 9.0 Conjurations
 - Level 8.1 Necromancy
 - Level 7.0 Fire Magic
 - Level 10.0 Ice Magic
 + Level 15.3 Earth Magic
 - Level 12.7 Evocations


You had 16 spell levels left.
You knew the following spells:

 Your Spells              Type           Power      Damage    Failure   Level
a - Iron Shot             Conj/Erth      47%        9d9       1%          6
b - Stone Arrow           Conj/Erth      100%       3d13      0%          3
c - Borgnjor's Vile Clut  Necr/Erth      46%        N/A       1%          5
d - Mephitic Cloud        Conj/Pois/Air  60%        N/A       1%          3
e - Lee's Rapid Deconstr  Erth           52%        3d25*     1%          5
A - Ozocubu's Refrigerat  Ice            44%        4d13      1%          7
G - Ignite Poison         Fire/Tmut/Pois 56%        N/A       1%          3
I - Irradiate             Conj/Tmut      33%        3d25      1%          5
S - Shatter               Erth           52%        3d39*     12%         9

Your spell library contained the following spells:

 Spells                   Type           Power      Damage    Failure   Level
 Polar Vortex             Ice            44%        N/A       63%         9
 Maxwell's Capacitive Co  Air            20%        ∞         95%         8
 Animate Skeleton         Necr           100%       N/A       0%          1
 Freeze                   Ice            100%       1d11      0%          1
 Magic Dart               Conj           100%       1d8       0%          1
 Pain                     Necr           100%       1d9       0%          1
 Searing Ray              Conj           100%       3d7       0%          2
 Apportation              Tloc           82%        N/A       1%          1
 Corona                   Hex            45%        N/A       1%          1
 Shock                    Conj/Air       100%       1d9       1%          1
 Summon Small Mammal      Summ           100%       N/A       1%          1
 Call Imp                 Summ           41%        N/A       1%          2
 Ensorcelled Hibernation  Hex/Ice        100%       N/A       1%          2
 Passwall                 Tmut/Erth      66%        N/A       1%          2
 Slow                     Hex            41%        N/A       1%          2
 Sublimation of Blood     Necr           40%        N/A       1%          2
 Wereblood                Tmut           41%        N/A       1%          2
 Call Canine Familiar     Summ           41%        N/A       1%          3
 Confusing Touch          Hex            41%        N/A       1%          3
 Conjure Flame            Conj/Fire      81%        6-21      1%          3
 Dazzling Flash           Conj/Hex       100%       N/A       1%          3
 Frozen Ramparts          Ice            100%       1d12      1%          3
 Gell's Gravitas          Tloc           20%        N/A       1%          3
 Lesser Beckoning         Tloc           20%        N/A       1%          3
 Summon Guardian Golem    Hex/Summ       41%        N/A       1%          3
 Swiftness                Air            41%        N/A       1%          3
 Teleport Other           Tloc           41%        N/A       1%          3
 Tukima's Dance           Hex            41%        N/A       1%          3
 Airstrike                Air            20%        N/A       1%          4
 Animate Dead             Necr           40%        N/A       1%          4
 Fulminant Prism          Conj/Hex       33%        3d16      1%          4
 Hailstorm                Conj/Ice       86%        3d17      1%          4
 Iskenderun's Mystic Bla  Conj/Tloc      67%        2d14      1%          4
 Leda's Liquefaction      Hex/Erth       40%        N/A       1%          4
 Olgreb's Toxic Radiance  Pois           41%        N/A       1%          4
 Petrify                  Tmut/Erth      80%        N/A       1%          4
 Sticky Flame             Conj/Fire      81%        2d9       1%          4
 Agony                    Necr           81%        N/A       1%          5
 Bolt of Magma            Conj/Fire/Erth 44%        4d18      1%          5
 Excruciating Wounds      Necr           40%        N/A       1%          5
 Yara's Violent Unravell  Hex/Tmut       20%        3d9       1%          5
 Conjure Ball Lightning   Conj/Air       33%        3x3d11    1%          6
 Death Channel            Necr           40%        N/A       1%          6
 Starburst                Conj/Fire      40%        6d12      1%          6
 Lehudib's Crystal Spear  Conj/Erth      47%        10d11     3%          8
 Ignition                 Fire           38%        3d11      22%         8
 Dispersal                Tloc           20%        N/A       32%         6
 Fire Storm               Conj/Fire      40%        8d10      85%         9
 Summon Hydra             Summ           20%        N/A       86%         7
 Chain Lightning          Conj/Air       33%        3d44      99%         9
 Discord                  Hex            20%        N/A       100%        8
 Disjunction              Tloc           20%        N/A       100%        8


Dungeon Overview and Level Annotations

Branches:
Dungeon (15/15)            Temple (1/1) D:6            Lair (6/6) D:9
 Shoals (4/4) Lair:4       Spider (4/4) Lair:2        Slime (0/5) Lair:6
    Orc (2/2) D:9             Elf (3/3) Orc:2        Vaults (4/5) D:13
  Crypt (0/3) Vaults:2     Depths (0/5) D:15        Ossuary (visited)
  IceCv (visited)         Gauntlet (visited)

Altars:
Ashenzari
Cheibriados
Dithmenos
Elyvilon
Fedhas
Gozag
Hepliaklqana
Kikubaaqudgha
Makhleb
Nemelex Xobeh
Okawaru
Qazlal
Ru
Sif Muna
Trog
Uskayaw
Vehumet
Wu Jian
Xom
Yredelemnul
Zin
The Shining One

Shops:
D:4 [   D:9 [   D:15 ?[[[   Orc:1 =   Orc:2 (=!=   Elf:2 (:*!   Shoals:1 (

Portals:
Trove: D:12 (give 6 scrolls of fear)

Annotations:
D:8 1 runed translucent door
D:12 1 runed translucent door
Spider:3 Bai Suzhen
Orc:2 2 transporters, Selrock's ghost, journeyman DsMo
Elf:2 3 runed translucent doors, exclusion: 3 doors


Message History

Press: ? - help, v - describe, . - travel
Here: a deep elf high priest, wielding a +3 scimitar and wearing a +0 ring mail The floor.
Press: ? - help, v - describe, . - travel
Here: a deep elf death mage, wielding a +0 long sword The floor.
Unknown command.
As you read the scroll of fear, it crumbles to dust.
You assume a fearsome visage.
The deep elf high priest looks frightened!
The deep elf blademaster resists with almost no effort.
The deep elf sorcerer easily resists.
The deep elf death mage looks frightened!
The deep elf high priest looks frightened!
The deep elf annihilator resists with almost no effort.
The deep elf demonologist looks frightened!
The deep elf sorcerer resists with almost no effort.
The deep elf master archer resists with almost no effort.
The deep elf annihilator resists with some effort.
The deep elf knight resists with some effort.
The deep elf annihilator shouts!
The deep elf sorcerer shouts!
You hear a shout!
The deep elf knight gestures wildly while chanting.
The deep elf knight seems to speed up.
The deep elf sorcerer howls an incantation.
The deep elf sorcerer glows brightly for a moment.
The deep elf sorcerer casts a spell at you.
You resist with almost no effort.
The deep elf annihilator mumbles some strange words.
The deep elf annihilator blinks!
The deep elf annihilator points at you and mumbles some strange words.
The bolt of lightning misses you.
You hear a shout!
As you read the scroll of teleportation, it crumbles to dust.
You feel strangely unstable.
The deep elf sorcerer points at you and mumbles some strange words.
The bolt of acid hits you!!!
* * * LOW HITPOINT WARNING * * *
The acid corrodes you!
You are splashed with acid!
You die...

.≈≈# .≈≈# .≈≈# .≈≈#
.≈≈# ### .≈≈# #e.##
.≈≈# #....### .
.≈≈# #.⌠...##.e..
.≈≈# #...@..e..e.
.≈≈# ##..........
.≈≈# #..........
.≈≈# ##.e..e...§.#
. .≈≈# ##+##
#.e...e.....## .
.≈≈# #...#
...e.e........## e
.≈≈# #...#
................##.
.≈≈# #...#
........... .......
.≈≈# #...# .....


You could see a deep elf blademaster, a deep elf master archer, a deep elf
annihilator, a deep elf death mage (fleeing), 2 deep elf sorcerers, a deep elf
demonologist (fleeing), a deep elf knight (fast) and 2 deep elf high priests.

Vanquished Creatures
  Jory (Vaults:4)
  Rupert (D:15)
  Jorgrun (D:15)
  Polyphemus (Shoals:4)
  2 krakens
  Agnes (Spider:4)
  3 sphinxes
  3 tengu reavers
  Kirke (Lair:5)
  Louise (Spider:3)
  11 vault wardens
  A deep elf elementalist (Elf:2)
  3 deep elf sorcerers
  5 ghost moths
  An orc warlord (Orc:1)
  2 emperor scorpions (Spider:4)
  14 ironbound preservers
  7 very ugly things
  A war gargoyle (Vaults:4)
  A stone giant (Vaults:4)
  Azrael (Elf:2)
  4 deep elf annihilators
  2 deep elf demonologists
  3 dire elephants (Vaults:3)
  2 minotaurs (Shoals:4)
  A spark wasp (Spider:4)
  5 entropy weavers
  An ettin (Vaults:4)
  Snorg (Lair:6)
  2 deep elf death magi
  A merfolk javelineer (Shoals:2)
  A fire dragon (D:15)
  4 great orbs of eyes
  A crystal guardian (Vaults:4)
  8 merfolk impalers
  4 yaktaur captains
  5 ironbound thunderhulks
  6 vault guards
  3 deep elf high priests
  An ice dragon (D:15)
  2 peacekeepers (Vaults:4)
  A boulder beetle (Vaults:2)
  9 hydras
  2 merfolk avatars (Shoals:2)
  5 ogre magi
  17 two-headed ogres
  6 ironbound frosthearts
  5 catoblepae
  8 centaur warriors
  13 satyrs
  11 death yaks
  6 dancing weapons
  2 merfolk aquamancers
  3 ironbound beastmasters
  2 tengu warriors
  2 orc high priests
  A shock serpent (shapeshifter) (Elf:3)
  18 deep elf knights
  A shadow wraith (D:9)
  38 deep trolls
  13 sea snakes
  Pikel (D:7)
  11 ironbound convokers
  7 lindwurms
  11 deep elf archers
  A lindwurm (shapeshifter) (Vaults:4)
  An oklob plant (Lair:2)
  7 wizards
  A phantasmal warrior (Vaults:3)
  2 orc knights
  22 harpies
  19 deep elf zephyrmancers
  4 orc sorcerers
  17 orb spiders
  32 deep elf pyromancers
  22 ugly things
  12 fauns
  9 elephants
  A manticore (shapeshifter) (D:9)
  19 manticores
  A moth of wrath (shapeshifter) (Vaults:2)
  9 merfolk sirens
  3 cyclopes
  38 wolf spiders
  4 water nymphs
  2 ice statues
  Maggie (D:8)
  5 black mambas
  6 vault sentinels
  12 cane toads
  A gargoyle (D:14)
  A torpor snail (Lair:6)
  27 yaktaurs
  7 komodo dragons
  An efreet (D:13)
  An unseen horror (D:12)
  A komodo dragon (shapeshifter) (D:15)
  8 demonic crawlers
  A rime drake (IceCv)
  6 ice devils (D:11)
  6 meliai
  5 trolls
  2 wind drakes
  34 merfolk
  32 jumping spiders
  A queen bee (shapeshifter) (D:9)
  15 polar bears
  9 hornets
  A hornet (shapeshifter) (Elf:3)
  26 slime creatures
  10 blink frogs
  17 dream sheep
  8 snapping turtles
  5 air elementals
  2 centaur simulacra
  6 water elementals
  72 redbacks
  A wraith (D:10)
  13 spriggans (Lair:6)
  28 tarantellas
  5 wyverns
  2 shadows
  2 basilisks
  5 fire elementals
  Eustachio (D:6)
  62 yaks
  3 hogs (Lair:5)
  2 steam dragons
  3 vampire mosquitoes
  3 wargs
  19 water moccasins
  An acid dragon (D:11)
  3 hell hounds (Elf:2)
  3 sky beasts
  2 ice beasts
  3 black bears (Lair:6)
  15 orc warriors
  A hornet zombie (D:6)
  35 ogres
  2 boggarts (Lair:6)
  20 centaurs
  An ogre (shapeshifter) (D:9)
  54 wolves
  2 kobold brigands
  2 phantoms (D:5)
  10 bullfrogs
  2 earth elementals (Elf:3)
  3 scorpions
  4 wights (D:9)
  11 electric eels
  4 hounds
  4 jellies
  2 centaur zombies
  16 orc priests
  A bullfrog skeleton (D:5)
  Jessica (D:3)
  6 iguanas
  14 orc wizards
  Natasha (thrice) (D:3)
  4 hell rats (Lair:1)
  A killer bee zombie (D:8)
  2 hound zombies (D:5)
  A mummy (Ossuary)
  A howler monkey skeleton (D:6)
  16 adders
  4 gnolls (D:5)
  A shadow imp (D:5)
  3 white imps
  7 ufetubi
  A worm (D:3)
  2 adder skeletons
  103 orcs
  2 spectral bats (Ossuary)
  4 bats
  10 endoplasms
  4 giant cockroaches
  12 gnoll zombies (Ossuary)
  8 goblins
  5 hobgoblins
  8 jackals
  A quokka (D:5)
  7 ball pythons
  2 bat simulacra (Ossuary)
  3 frilled lizards
  3 goblin simulacra (Ossuary)
  6 goblin zombies
  3 hobgoblin zombies (Ossuary)
  10 kobolds
  5 kobold simulacra (Ossuary)
  6 kobold zombies
  6 orc zombies (Ossuary)
  4 rats
  A rat simulacrum (Ossuary)
  3 spectral goblins (Ossuary)
  6 spectral kobolds (Ossuary)
  2 spectral rats (Ossuary)
  4 tentacles (Shoals:2)
1512 creatures vanquished.

Vanquished Creatures (others)
  A deep elf knight (Elf:2)
  A cane toad (Lair:6)
  A komodo dragon (Lair:6)
  2 humans (Lair:5)
  A bush (Lair:6)
  67 fungi
  207 plants
  4 tentacles (Shoals:4)
284 creatures vanquished.

Grand Total: 1796 creatures vanquished

Notes
Turn   | Place    | Note
-------+----------+-------------------------------------------
     0 | D:1      | allion the Deep Elf Conjurer began the quest for the Orb.
     0 | D:1      | Reached XP level 1. HP: 10/10 MP: 6/6
   230 | D:1      | Reached XP level 2. HP: 15/15 MP: 5/8
   261 | D:1      | Learned a level 2 spell: Searing Ray
  1074 | D:1      | Reached skill level 4 in Spellcasting
  1127 | D:1      | Found a faded altar of an unknown god.
  1158 | D:1      | Reached skill level 5 in Conjurations
  1158 | D:1      | Reached XP level 3. HP: 19/19 MP: 6/10
  1672 | D:2      | Learned a level 3 spell: Stone Arrow
  2072 | D:3      | Reached skill level 1 in Earth Magic
  2248 | D:3      | Noticed an ogre
  2263 | D:3      | Reached XP level 4. HP: 24/24 MP: 8/12
  2349 | D:3      | Noticed Natasha
  2350 | D:3      | Killed Natasha
  2374 | D:3      | Noticed Jessica
  2385 | D:3      | Killed Jessica
  2519 | D:3      | Reached XP level 5. HP: 18/28 MP: 9/13
  2919 | D:3      | Noticed Natasha
  2923 | D:3      | Killed Natasha
  3122 | D:3      | Noticed Natasha
  3130 | D:3      | Killed Natasha
  3678 | D:3      | Killed an ogre
  3679 | D:3      | Reached skill level 5 in Earth Magic
  3679 | D:3      | Reached skill level 1 in Fighting
  3679 | D:3      | Reached XP level 6. HP: 34/34 MP: 6/14
  3686 | D:3      | Learned a level 5 spell: Bolt of Magma
  3852 | D:4      | Reached skill level 1 in Fire Magic
  4002 | D:4      | Found Zygalif's Antique Armour Shoppe.
  4458 | D:4      | Reached XP level 7. HP: 38/38 MP: 10/15
  4590 | D:5      | Entered Level 5 of the Dungeon
  5151 | D:5      | Identified a scroll of acquirement
  5176 | D:5      | Acquired 1090 gold pieces
  5211 | D:4      | Bought a crude robe for 119 gold pieces
  5211 | D:4      | Identified the +2 robe of the Wasteland {*Slow rF+ Regen+}
                  | (You bought it in a shop on level 4 of the Dungeon)
  5297 | D:5      | Reached XP level 8. HP: 36/43 MP: 4/16
  5564 | D:5      | Found a hide-covered altar of Uskayaw.
  6450 | D:5      | Reached skill level 5 in Fire Magic
  7016 | D:6      | Noticed Eustachio
  7020 | D:6      | Killed Eustachio
  7122 | D:6      | Reached XP level 9. HP: 47/47 MP: 6/17
  7350 | D:6      | Found a staircase to the Ecumenical Temple.
  7436 | Temple   | Entered the Ecumenical Temple
  7540 | Temple   | Became a worshipper of Vehumet
  8139 | D:6      | Reached skill level 1 in Evocations
  8381 | D:7      | Reached skill level 5 in Spellcasting
  8610 | D:7      | Found a sand-covered staircase.
  8616 | D:7      | Reached * piety under Vehumet
  8616 | D:7      | Offered knowledge of Sandblast by Vehumet.
  8621 | Ossuary  | Entered an ossuary
  9045 | Ossuary  | Offered knowledge of Poisonous Vapours by Vehumet.
  9077 | Ossuary  | Reached ** piety under Vehumet
  9475 | D:7      | Offered knowledge of Mephitic Cloud by Vehumet.
  9488 | D:7      | Learned a level 3 spell: Mephitic Cloud
  9817 | D:7      | Noticed Pikel
  9827 | D:7      | Killed Pikel
  9828 | D:7      | Reached skill level 6 in Spellcasting
  9828 | D:7      | Reached XP level 10. HP: 47/54 MP: 3/21
 10127 | D:7      | Reached *** piety under Vehumet
 10479 | D:8      | Noticed Maggie
 10486 | D:8      | Killed Maggie
 10683 | D:8      | Reached skill level 7 in Spellcasting
 10785 | D:8      | Reached skill level 5 in Dodging
 11313 | D:8      | Found a runed translucent door.
 11765 | D:9      | Offered knowledge of Ignite Poison by Vehumet.
 11774 | D:9      | Learned a level 3 spell: Ignite Poison
 11930 | D:9      | Found a staircase to the Orcish Mines.
 11992 | D:9      | Reached skill level 5 in Evocations
 12442 | D:9      | Reached skill level 8 in Spellcasting
 12569 | D:9      | Found a staircase to the Lair.
 12611 | D:9      | Found Nuon's Armour Boutique.
 12744 | D:9      | Noticed a yaktaur captain
 12747 | D:9      | Killed a yaktaur captain
 12898 | D:9      | Noticed a deep elf pyromancer
 12900 | D:9      | Killed a deep elf pyromancer
 12901 | D:9      | Reached skill level 9 in Spellcasting
 12901 | D:9      | Reached XP level 11. HP: 62/62 MP: 20/26
 13136 | D:9      | Noticed a centaur warrior
 13140 | D:9      | Killed a centaur warrior
 13141 | D:9      | Reached skill level 5 in Fighting
 13551 | D:9      | Noticed an eight-headed hydra
 13604 | D:10     | Entered Level 10 of the Dungeon
 13962 | D:10     | Reached **** piety under Vehumet
 13966 | D:10     | Offered knowledge of Lee's Rapid Deconstruction by Vehumet.
 13975 | D:10     | Learned a level 5 spell: Lee's Rapid Deconstruction
 14124 | D:10     | Noticed a two-headed ogre
 14677 | D:10     | Learned a level 5 spell: Borgnjor's Vile Clutch
 14732 | D:10     | Killed a two-headed ogre
 15159 | D:9      | Killed a shadow wraith
 15185 | Lair:1   | Entered Level 1 of the Lair of Beasts
 15384 | Lair:1   | Identified the +0 falchion of Gadghitu {flame, rF+ Int+6
                  | SInv}
 15746 | Lair:1   | Reached skill level 10 in Earth Magic
 15954 | Lair:1   | Reached skill level 5 in Necromancy
 16524 | Lair:1   | Noticed a six-headed hydra
 16544 | Lair:1   | Killed a six-headed hydra
 16990 | Lair:2   | Noticed a four-headed hydra
 17000 | Lair:2   | Killed a four-headed hydra
 17229 | Lair:2   | Reached XP level 12. HP: 71/71 MP: 3/27
 18241 | Lair:2   | Reached skill level 1 in Shields
 20053 | Lair:3   | Reached skill level 10 in Spellcasting
 20053 | Lair:3   | Reached ***** piety under Vehumet
 20480 | Lair:3   | Offered knowledge of Spellforged Servitor by Vehumet.
 20536 | Lair:4   | Reached skill level 11 in Spellcasting
 20868 | Lair:4   | Found a frozen archway.
 20912 | IceCv    | Entered an ice cave
 21064 | IceCv    | Reached skill level 12 in Spellcasting
 21162 | IceCv    | Reached XP level 13. HP: 64/80 MP: 10/31
 21486 | IceCv    | Found the +4 skin of Zhor {*Englaciate rC+++ SInv}
 21775 | IceCv    | Reached skill level 13 in Spellcasting
 22385 | IceCv    | Reached skill level 14 in Spellcasting
 22766 | IceCv    | Reached skill level 15 in Spellcasting
 23221 | Lair:4   | Found a staircase to the Shoals.
 24065 | Lair:5   | Noticed Kirke
 24073 | Lair:5   | Killed Kirke
 25182 | Lair:6   | Entered Level 6 of the Lair of Beasts
 25279 | Lair:5   | Reached skill level 10 in Dodging
 25654 | Lair:5   | Reached skill level 10 in Fighting
 25700 | Lair:6   | Noticed Snorg
 25707 | Lair:6   | Reached XP level 14. HP: 88/88 MP: 18/35
 25710 | Lair:6   | Killed Snorg
 26360 | Lair:6   | Offered knowledge of Eringya's Noxious Bog by Vehumet.
 27146 | Lair:6   | Reached skill level 10 in Evocations
 27870 | Lair:6   | Learned a level 7 spell: Ozocubu's Refrigeration
 27880 | Lair:6   | Reached skill level 1 in Ice Magic
 28009 | Lair:6   | Found a staircase to the Slime Pits.
 28554 | Lair:6   | Offered knowledge of Irradiate by Vehumet.
 28561 | Lair:6   | Learned a level 5 spell: Irradiate
 28692 | D:9      | Identified the ring of Redgh {Wiz rC+}
 28979 | D:9      | Identified the +6 hand axe "Fiotrov" {flame, rElec rF+ rC++
                  | Str-5}
 29481 | D:11     | Reached skill level 5 in Ice Magic
 29697 | D:11     | Found a broken altar of Ashenzari.
 31342 | D:11     | Identified the +2 war axe "Dragonslayer" {vorpal, rPois
                  | Int+4}
 31844 | D:12     | Found a runed translucent door.
 31918 | D:12     | Reached XP level 15. HP: 92/92 MP: 25/36
 32004 | D:12     | Found a portal to a secret trove of treasure.
 33429 | D:13     | Found a gate to the Vaults.
 33473 | D:13     | Reached skill level 10 in Ice Magic
 33912 | Orc:1    | Entered Level 1 of the Orcish Mines
 33918 | Orc:1    | Reached skill level 5 in Shields
 34143 | Orc:1    | Noticed an orc warlord
 34164 | Orc:1    | Killed an orc warlord
 34764 | Orc:1    | Offered knowledge of Freezing Cloud by Vehumet.
 34890 | Orc:1    | Found Asuom's Jewellery Shop.
 35504 | Orc:2    | Entered Level 2 of the Orcish Mines
 35683 | Orc:1    | Bought a ring of willpower for 325 gold pieces
 35845 | Orc:2    | Found a transporter.
 35861 | Orc:2    | Found a transporter.
 35944 | Orc:1    | Found a bloodstained altar of Trog.
 35991 | Orc:2    | Found a staircase to the Elven Halls.
 36544 | Orc:2    | Found Zitihocw's Jewellery Boutique.
 36544 | Orc:2    | Found Ekkequm's Jewellery Emporium.
 36545 | Orc:2    | Found Dahiemurr's Distillery.
 36545 | Orc:2    | Found Weawn's Weapon Shoppe.
 36894 | Orc:2    | Paralysed by an ogre mage for 3 turns
 36947 | Orc:2    | Noticed Selrock's ghost (journeyman DsMo)
 36980 | Orc:2    | Found a bloodstained altar of Trog.
 37434 | Orc:2    | Bought a potion of heal wounds for 75 gold pieces
 37434 | Orc:2    | Bought a potion of curing for 45 gold pieces
 37434 | Orc:2    | Bought a potion of heal wounds for 75 gold pieces
 37434 | Orc:2    | Bought a potion of heal wounds for 75 gold pieces
 37434 | Orc:2    | Bought 2 potions of heal wounds for 150 gold pieces
 37434 | Orc:2    | Bought a potion of haste for 150 gold pieces
 37437 | Orc:2    | Bought a ring of willpower for 300 gold pieces
 38692 | D:15     | Entered Level 15 of the Dungeon
 38729 | D:15     | Found a gate leading to a gauntlet.
 38738 | Gauntlet | Entered a Gauntlet
 38738 | Gauntlet | Found a transporter.
 38738 | Gauntlet | Found a runed translucent door.
 38746 | Gauntlet | Found a runed translucent door.
 38748 | Gauntlet | Found a transporter.
 38751 | Gauntlet | Found a transporter.
 38752 | Gauntlet | Found a transporter.
 38760 | Gauntlet | Found a transporter.
 38763 | Gauntlet | Found a transporter.
 38764 | Gauntlet | Found a transporter.
 38775 | Gauntlet | Found a transporter.
 38775 | Gauntlet | Found a transporter.
 38776 | Gauntlet | Found a transporter.
 38785 | Gauntlet | Found a transporter.
 38787 | Gauntlet | Found a transporter.
 38788 | Gauntlet | Found a transporter.
 38796 | Gauntlet | Found a transporter.
 38940 | D:15     | Found Ziesiyse's Antique Armour Shop.
 38947 | D:15     | Noticed Jorgrun
 38954 | D:15     | Killed Jorgrun
 39468 | D:15     | Reached XP level 16. HP: 96/100 MP: 18/37
 39752 | D:15     | Found Bestek's Armour Shoppe.
 39785 | D:15     | Found Duazaoda's Antique Armour Shop.
 40134 | D:15     | Found Ymyph's Magic Scroll Boutique.
 40139 | D:15     | Bought a scroll of acquirement for 832 gold pieces
 40139 | D:15     | Acquired the Catalogue of Clay
 40148 | D:15     | Learned a level 6 spell: Iron Shot
 40156 | D:15     | Noticed Rupert
 40444 | D:15     | Found a glowing silver altar of Zin.
 40883 | D:15     | Found a staircase to the Depths.
 40928 | D:15     | Killed Rupert
 41350 | Lair:2   | Found a hole to the Spider Nest.
 41471 | Spider:1 | Entered Level 1 of the Spider Nest
 42474 | Lair:2   | Learned a level 9 spell: Shatter
 42852 | Spider:1 | Offered knowledge of Orb of Destruction by Vehumet.
 45561 | Spider:2 | Reached skill level 16 in Spellcasting
 46859 | Spider:3 | Noticed Louise
 47752 | Spider:3 | Killed Louise
 48573 | Spider:4 | Entered Level 4 of the Spider Nest
 49637 | Spider:4 | Reached XP level 17. HP: 108/108 MP: 17/39
 49835 | Spider:4 | Reached skill level 17 in Spellcasting
 50119 | Spider:4 | Offered knowledge of Lightning Bolt by Vehumet.
 50446 | Spider:4 | Noticed Bai Suzhen
 51234 | Spider:4 | Noticed Agnes
 51238 | Spider:4 | Killed Agnes
 52789 | Spider:4 | Reached skill level 18 in Spellcasting
 53453 | Spider:4 | Got a gossamer rune of Zot
 53806 | D:9      | Bought a +0 pair of boots of flying for 138 gold pieces
 53886 | Shoals:1 | Entered Level 1 of the Shoals
 54872 | Shoals:1 | Found Hyhoufy's Weapon Boutique.
 55518 | Shoals:1 | Offered knowledge of Maxwell's Capacitive Coupling by
                  | Vehumet.
 56134 | Shoals:2 | Found the +4 robe of Augmentation {Str+4 Int+4 Dex+4}
 56138 | Shoals:2 | Reached skill level 19 in Spellcasting
 57644 | Shoals:2 | Noticed a kraken
 57649 | Shoals:2 | Killed a kraken
 58308 | Shoals:3 | Reached skill level 20 in Spellcasting
 58973 | D:15     | Bought a scroll of fear for 56 gold pieces
 59623 | Shoals:3 | Reached XP level 18. HP: 113/113 MP: 20/44
 60909 | Shoals:4 | Entered Level 4 of the Shoals
 61459 | Shoals:4 | Reached skill level 10 in Shields
 61701 | Shoals:4 | Reached ****** piety under Vehumet
 62277 | Shoals:4 | Noticed Polyphemus
 62896 | Shoals:4 | Killed Polyphemus
 63831 | Shoals:4 | Got a barnacled rune of Zot
 64348 | Shoals:4 | Identified the +0 cloak of Poxukuoj {*Slow Int+4 Dex+4
                  | Stlth+}
 64716 | Vaults:1 | Entered Level 1 of the Vaults
 65884 | Vaults:1 | Offered knowledge of Polar Vortex by Vehumet.
 65884 | Vaults:1 | Offered knowledge of Maxwell's Capacitive Coupling by
                  | Vehumet.
 67419 | Vaults:2 | Reached XP level 19. HP: 120/120 MP: 29/45
 70277 | Vaults:2 | Found a staircase to the Crypt.
 70277 | Vaults:2 | Found a basalt altar of Yredelemnul.
 70277 | Vaults:2 | Found an ancient bone altar of Kikubaaqudgha.
 70621 | Vaults:3 | You are sucked into a shaft and drop 1 floor!
 70621 | Vaults:4 | Noticed Jory
 70626 | Vaults:4 | Killed Jory
 72455 | Vaults:3 | Reached XP level 20. HP: 127/127 MP: 34/46
 72882 | Vaults:3 | Identified the +5 spear of the Postmodern Xalams {venom,
                  | rN+ Dex+3 Stlth+}
 74296 | Vaults:4 | Reached skill level 15 in Shields
 75112 | Vaults:4 | HP: 3/127 [war gargoyle/spray of metal splinters[a
                  | peacekeeper] (38)]
 76478 | Elf:1    | Entered Level 1 of the Elven Halls
 76915 | Elf:1    | Paralysed by an air elemental for 1 turns
 77440 | Elf:1    | Found a shimmering blue altar of Sif Muna.
 77890 | Elf:2    | Paralysed by an air elemental for 1 turns
 78627 | Elf:2    | Noticed Azrael
 78630 | Elf:2    | Killed Azrael
 78841 | Elf:2    | Found Haolyulu's Book Emporium.
 78843 | Elf:2    | Found Geqex's Distillery.
 78843 | Elf:2    | Found Pereep's Antique Weapon Emporium.
 78846 | Elf:2    | Found Ahomur's Assorted Antiques.
 78851 | Elf:2    | Bought a potion of curing for 42 gold pieces
 78851 | Elf:2    | Bought a potion of mutation for 112 gold pieces
 78851 | Elf:2    | Bought a potion of brilliance for 56 gold pieces
 78851 | Elf:2    | Bought a potion of heal wounds for 70 gold pieces
 78851 | Elf:2    | Bought a potion of ambrosia for 112 gold pieces
 78851 | Elf:2    | Bought a potion of resistance for 140 gold pieces
 78851 | Elf:2    | Bought a potion of lignification for 42 gold pieces
 78854 | Elf:2    | Bought a scroll of fear for 87 gold pieces
 78854 | Elf:2    | Bought a wand of iceblast (10) for 100 gold pieces
 78854 | Elf:2    | Bought a scroll of identify for 50 gold pieces
 78854 | Elf:2    | Bought a scroll of identify for 50 gold pieces
 78854 | Elf:2    | Bought 2 potions of brilliance for 200 gold pieces
 78854 | Elf:2    | Bought a scroll of teleportation for 75 gold pieces
 78866 | Elf:2    | Reached skill level 21 in Spellcasting
 79041 | Elf:2    | Found a runed translucent gate.
 79044 | Elf:2    | Reached skill level 15 in Earth Magic
 79095 | Elf:2    | Found a runed translucent gate.
 79103 | Elf:2    | Found a runed translucent gate.
 79455 | Elf:2    | Reached XP level 21. HP: 133/133 MP: 35/48
 79791 | Elf:3    | Entered Level 3 of the Elven Halls
 79959 | Elf:2    | Found an ancient bone altar of Kikubaaqudgha.
 80923 | Elf:3    | Reached skill level 15 in Fighting
 80979 | Elf:3    | Identified the +2 robe of Wu Jian's Inspiration {rF+}
 80987 | Elf:3    | HP: 4/134 [deep elf sorcerer/bolt of acid (48)]
 80987 | Elf:3    | Splashed by a deep elf sorcerer's acid

Illustrated notes

Levels and vault maps discovered:
D:1:      saegor_arrival_miasma, layout_basic,
          ebering_ecumenical_altar_petrified
D:2:      layout_basic, serial_bayou_pond_d
D:3:      layout_basic, kennysheep_generic_room_12, uniq_jessica, uniq_natasha
D:4:      layout_rooms, nicolae_stop_n_shop_1
D:5:      minmay_chambers_of_threes, layout_basic, nicolae_uskayaw_dance_hall,
          grunt_ministairs_15, kennysheep_another_room
D:6:      layout_loops_cross, minmay_temple_entry_glass, minivault_4,
          uniq_eustachio
D:7:      layout_rooms, enter_ossuary_3, kennysheep_generic_room_2, uniq_pikel
D:8:      kennysheep_six_static_rooms, layout_loops_ring, dk_noncrumbling_4,
          lightli_church_of_beogh, uniq_maggie
D:9:      minmay_chopped_fan, layout_long_grid, dpeg_oklobed_lair,
          hiddenorc2_lemuel, serial_shops, shop
D:10:     layout_basic
D:11:     cheibrodos_frozen_isle, layout_loops_ring, hex_large, minivault_20,
          chequers_big_river, grunt_ministairs_10, nicolae_ashenzari_panopticon
D:12:     cheibrodos_shockbox, layout_cave_pods, enter_trove_0
D:13:     layout_roguey, david_vaults_2
D:14:     layout_rooms, minmay_staircase_windowed_small
D:15:     grunt_enter_depths_hoard, layout_gridville, gauntlet_entry_generic,
          hangedman_abyss_or_decor_slice, serial_shops, shop,
          nicolae_shop_trees, nicolae_shop_stone, shop, zin_angel, uniq_rupert,
          uniq_jorgrun
Temple:   grunt_wide_crystal_templ
Lair:1:   layout_cave_pods, nzn_random_ring, serial_bayou_shore_b,
          grunt_megastairs_4, serial_bayou_shore_b, lemuel_fruit_tree
Lair:2:   layout_chaotic_city, spider_nest_entry_funnel_web,
          minmay_lair_oklob_chamber
Lair:3:   layout_roguey, minmay_stone_trees_medium, cheibrodos_lair_reptile_den
Lair:4:   layout_concentric_octagons, elwin_shoals_entry_rocks,
          portal_ice_cave_entry_pillars_2
Lair:5:   layout_regular_city, serial_bayou_lagoon_a,
          chequers_serial_rivers_small_b, minivault_19, serial_bayou_pond_e,
          nicolae_quartered_pool_little, serial_bayou_shore_a, uniq_kirke
Lair:6:   minmay_lair_end_enchanted_forest, layout_long_grid,
          nicolae_slime_entry_slimehenge, minmay_lindwurm_lava, uniq_snorg
Shoals:1: layout_shoals, serial_shops, shop_statue
Shoals:2: layout_shoals, nicolae_shoals_hunting_party
Shoals:3: layout_shoals, nicolae_shoals_shepherds
Shoals:4: shoals_end_hellmonk_lost_city, uniq_polyphemus
Spider:1: layout_chambers
Spider:2: layout_spider_delve
Spider:3: layout_spider_delve, uniq_louise
Spider:4: grunt_spider_rune_parallel, uniq_bai_suzhen, uniq_agnes
Orc:1:    layout_diamond_mine, serial_shops, shop, basic_altar, elf_legates
Orc:2:    st_orc_ogre_mass, layout_caves, gammafunk_ghost_wrathful_warriors,
          lemuel_statue_altar
Elf:1:    eino_elf_arrival_the_gate, layout_gridlike, basic_altar,
          kennysheep_underground_church
Elf:2:    nicolae_elf_blades_splatter_lattice
          [nicolae_vaults_blade_armed_guards], layout_gridlike,
          lemuel_upstairs_altar, grunt_megastairs_2, minmay_shoptagon,
          lemuel_elevator, uniq_azrael
Elf:3:    minmay_elf_hall_spiked, layout_geoelf_castle
Vaults:1: v_misc_27, grunt_vaults_funnel, nicolae_vaults_little_squares_4,
          nicolae_vaults_diagonal_hallway_6, vaults_room_pool,
          layout_vaults_omnigrid
Vaults:2: vaults_dpeg_hooks, v_rooms_6, nicolae_vaults_alarming, v_misc_3,
          v_misc_12, v_misc_26, hangedman_vaults_stream,
          vaults_mumra_chevron_long, grunt_vaults_diagonal,
          ontoclasm_vaults_ring_large, minmay_crypt_entry_necro_gods, st_cross,
          vaults_room_pool, layout_vaults_maze_snakey
Vaults:3: ontoclasm_vaults_misaligned, hangedman_vaults_stagger,
          vaults_mumra_minichess, hangedman_vaults_restitches,
          nicolae_vaults_asterisk, grunt_vaults_hallway_short, vaults_mumra_hex,
          v_misc_29, v_misc_9, ontoclasm_vaults_fault, layout_vaults_ring
Vaults:4: hangedman_vaults_capsules, nicolae_vaults_theta, v_misc_13,
          st_quartered_hall, nicolae_vaults_network_s,
          nicolae_vaults_circle_grid_a, vaults_room_stairs_pillars,
          hangedman_vaults_corner_blocks, vaults_room_corners,
          vaults_mumra_hexcomb, nicolae_vaults_shelves_hall, v_alt_pattern_6,
          vaults_standard_mumra_enter_the_diamond, layout_vaults_big_room,
          uniq_margery, uniq_jory

Skill      XL: |  1  2  3  4  5  6  7  8  9 10 11 12 13 14 15 16 17 18 19 20 21 |
---------------+----------------------------------------------------------------+-----
Spellcasting   | 4 6 9 12 15 16 20 21 | 21.3
Conjurations   | 5 6 8 9 |  9.0
Earth Magic    | 1 3 5 6 8 9 10 12 13 15 | 15.3
Fighting       | 1 2 4 6 8 10 11 12 13 14 15 | 15.0
Fire Magic     | 2 4 6 7 |  7.0
Evocations     | 3 5 10 12 | 12.7
Dodging        | 3 7 10 | 10.0
Necromancy     | 8 |  8.1
Shields        | 4 7 9 11 14 15 | 15.0
Ice Magic      | 8 10 | 10.0
Stealth        | |  2.4

Action                   |  1- 3 |  4- 6 |  7- 9 | 10-12 | 13-15 | 16-18 | 19-21 || total
-------------------------+-------+-------+-------+-------+-------+-------+-------++-------
Melee: Dagger            |       |     2 |    12 |    21 |       |       |       ||    35
       Falchion          |       |       |       |    65 |   130 |    35 |     7 ||   237
       War axe           |       |       |       |       |       |     2 |       ||     2
Throw: Throwing net      |       |       |       |       |       |     1 |       ||     1
 Cast: Magic Dart        |    70 |    73 |   226 |    43 |    10 |       |       ||   422
       Searing Ray       |     1 |     1 |    36 |    23 |     6 |       |       ||    67
       Stone Arrow       |       |    17 |    39 |    72 |    72 |       |       ||   200
       Bolt of Magma     |       |       |     3 |    33 |       |       |       ||    36
       Borgnjor's Vile C |       |       |       |    80 |   189 |    60 |    16 ||   345
       Lee's Rapid Decon |       |       |       |    53 |    99 |     6 |       ||   158
       Mephitic Cloud    |       |       |       |     1 |     3 |       |       ||     4
       Ignite Poison     |       |       |       |       |     2 |       |       ||     2
       Ozocubu's Refrige |       |       |       |       |   147 |   656 |   300 ||  1103
       Irradiate         |       |       |       |       |     1 |       |     4 ||     5
       Iron Shot         |       |       |       |       |       |    57 |   121 ||   178
Evoke: Wand              |       |       |       |     2 |     1 |     9 |     1 ||    13
  Use: Scroll            |       |     6 |     5 |    11 |     7 |    10 |     8 ||    47
       Potion            |       |     1 |     1 |     3 |     5 |     1 |       ||    11
 Stab: Distracted        |       |       |       |     1 |       |       |       ||     1
       Sleeping          |       |       |       |       |     1 |       |       ||     1
Armor: Robe              |       |       |    16 |    32 |       |       |       ||    48
       Animal skin       |       |       |       |       |    57 |    56 |    15 ||   128
Dodge: Dodged            |    13 |    15 |    74 |   170 |   130 |   115 |    32 ||   549
Block: Other             |       |       |       |     6 |       |       |       ||     6
       Reflection        |       |       |       |     1 |     3 |    40 |    22 ||    66
       Buckler           |       |       |       |    66 |   124 |    11 |       ||   201
       Kite shield       |       |       |       |       |       |   190 |    75 ||   265
       Rpst.: Falchion   |       |       |       |    40 |    37 |    16 |     4 ||    97
